 Dungeon Crawl Stone Soup version 0.30.0-29-ga12c61a403 (webtiles) character file.

Game seed: 5993004697915213951

218 Graphine the Conjurer (level 5, -1/30 HPs)
             Began as a Deep Elf Conjurer on June 21, 2023.
             Was a Follower of Vehumet.
             Slain by a black bear (2 damage)
             ... on level 3 of the Dungeon.
             The game lasted 00:04:39 (2507 turns).

Graphine the Conjurer (Deep Elf Conjurer)           Turns: 2507, Time: 00:04:39

Health: -1/30      AC:  2    Str:  4    XL:     5   Next: 63%
Magic:  0/4        EV: 13    Int: 25    God:    Vehumet [*.....]
Gold:   155        SH:  0    Dex: 13    Spells: 3/12 levels left

rFire   . . .        k - +2 war axe of Etsuvyn {antimagic, Stlth+}
rCold   . . .        (no shield)
rNeg    . . .        a - +0 robe
rPois   +            (no helmet)
rElec   .            (no cloak)
rCorr   .            (no gloves)
SInv    .            (no boots)
Will    .....        (no amulet)
Stlth   +++          e - ring of poison resistance
HPRegen 0.25/turn    (no ring)
MPRegen 0.09/turn

%: no passive effects
@: no status effects
A: no striking features
a: Renounce Religion


You were on level 3 of the Dungeon.
You worshipped Vehumet.
Vehumet was aware of your devotion.
You visited 1 branch of the dungeon, and saw 3 of its levels.

You collected 155 gold pieces.

Inventory:

Hand Weapons
 g - a +0 rapier
 k - the +2 war axe of Etsuvyn (weapon) {antimagic, Stlth+}
   (You found it on level 3 of the Dungeon)

   Stlth:     It makes you more stealthy.
Armour
 a - a +0 robe (worn)
Jewellery
 e - a ring of poison resistance (left hand)
Scrolls
 f - a scroll of vulnerability {unknown}
 i - a scroll of torment {unknown}
 l - a scroll of identify {unknown}
Potions
 c - a potion of heal wounds {unknown}
 d - a potion of degeneration {unknown}
 h - a potion of mutation {unknown}
 j - a potion of curing {unknown}


   Skills:
 + Level 1.7 Fighting
 + Level 3.8 Dodging
 + Level 4.1 Stealth
 + Level 4.4 Spellcasting
 + Level 5.2 Conjurations


You had 3 spell levels left.
You knew the following spells:

 Your Spells              Type           Power      Damage    Failure   Level
a - Magic Dart            Conj           100%       1d8       1%          1
b - Shock                 Conj/Air       72%        1d7       3%          1
c - Dazzling Flash        Conj/Hex       36%        N/A       9%          3
d - Fulminant Prism       Conj/Hex       9%         3d7       30%         4

Your spell library contained the following spells:

 Spells                   Type           Power      Damage    Failure   Level
 Searing Ray              Conj           62%        2d6       1%          2
 Iskenderun's Mystic Bla  Conj/Tloc      18%        2d6       30%         4


Dungeon Overview and Level Annotations

Branches:
Dungeon (3/15)

Altars:
Vehumet

Shops:
D:3 (


Message History

The zap hits the orc.
The orc is heavily wounded.
You are out of magic!
Magic courses through your body. The black bear closely misses you.
The black bear claws you. The black bear closely misses you.
The zap hits the black bear.
The black bear is severely wounded.
The zap hits the orc.
You kill the orc!
Vehumet accepts your kill. The black bear closely misses you.
The black bear claws you. x2
The zap hits the black bear.
The black bear is severely wounded.
The black bear goes berserk!
The zap misses the black bear.
The black bear barely misses you. The black bear completely misses you.
The black bear misses you.
The black bear bites you but does no damage.
The black bear closely misses you. The black bear claws you.
The zap hits the black bear.
The black bear is almost dead.
The black bear bites you. The black bear misses you.
The black bear closely misses you.
Okay, then.
Okay, then.
You aren't carrying any items that you can evoke.
You hit the black bear.
The black bear is almost dead.
The black bear completely misses you. The black bear barely misses you.
The black bear claws you.
An orc priest comes into view.
It is wielding a +0 short sword of venom.
The black bear bites you. The black bear barely misses you.
The black bear claws you but does no damage.
You barely miss the black bear.
The black bear is almost dead.
The black bear closely misses you. The black bear claws you. x2
* * * LOW HITPOINT WARNING * * *
The black bear closely misses you. The black bear claws you.
* * * LOW HITPOINT WARNING * * *
The black bear claws you.
You die...

##.o.## #.#
##.....## #.##
##.......#####o.##
#.........##.....##
+.........+.......#
#.........##.o...##
##.....o.####)#.##
###.....## #h###
#..#....#####@####
..#...#..##....<..#
#...#...#...#.#.#.#
..#...#...#..###..#
#...#...#...#..##.#
.o#..)#...#...#...#
# ..#...#...#...#.#
#.. #...#...#...#


oo# ..#...#...#.# You could see a black bear (berserk), an orc priest
(wandering) and an orc.

Vanquished Creatures
  Sigmund (D:2)
  An adder (D:2)
  A worm (D:2)
  A dart slug (D:1)
  2 orcs (D:3)
  5 ball pythons
  4 endoplasms
  A giant cockroach (D:1)
  7 goblins
  6 hobgoblins
  4 bats
  5 frilled lizards
  3 kobolds
  6 rats
47 creatures vanquished.

Notes
Turn   | Place    | Note
-------+----------+-------------------------------------------
     0 | D:1      | Graphine the Deep Elf Conjurer began the quest for the Orb.
     0 | D:1      | Reached XP level 1. HP: 10/10 MP: 6/6
   220 | D:1      | Reached XP level 2. HP: 15/15 MP: 6/8
  1146 | D:2      | Reached XP level 3. HP: 20/20 MP: 7/10
  1617 | D:2      | Found a faded altar of an unknown god.
  1653 | D:2      | Noticed Sigmund
  1665 | D:2      | Killed Sigmund
  1666 | D:2      | Reached skill level 1 in Fighting
  1666 | D:2      | Reached skill level 5 in Conjurations
  1666 | D:2      | Reached XP level 4. HP: 9/26 MP: 1/12
  1666 | D:2      | Reached XP level 5. HP: 11/30 MP: 1/13
  1917 | D:2      | Prayed at the altar of an unknown god.
  1917 | D:2      | Became a worshipper of Vehumet
  1917 | D:2      | Reached * piety under Vehumet
  1917 | D:2      | Offered knowledge of Shock by Vehumet.
  1988 | D:2      | Learned a level 1 spell: Shock
  2025 | D:2      | Learned a level 3 spell: Dazzling Flash
  2030 | D:2      | Learned a level 4 spell: Fulminant Prism
  2239 | D:3      | Found Mitempul's Antique Weapon Emporium.
  2259 | D:3      | Identified the +2 war axe of Etsuvyn {antimagic, Stlth+}
  2462 | D:3      | Noticed a black bear
  2507 | D:3      | HP: 1/30 [black bear (5)]
  2507 | D:3      | Slain by a black bear

Illustrated notes

Levels and vault maps discovered:
D:1:      dpeg_arrival_tiny_h, layout_basic
D:2:      layout_loops_cross, nicolae_ecumenical_lake_church, uniq_sigmund
D:3:      layout_loops_corners, serial_shops, shop, hex_large

Skill      XL: |  1  2  3 |
---------------+----------+-----
Stealth        | 3 4 |  4.1
Dodging        | 3 |  3.8
Fighting       | 1 |  1.7
Spellcasting   | 4 |  4.4
Conjurations   | 5 |  5.2

Action                     |  1- 3 |  4- 6 || total
---------------------------+-------+-------++-------
  Melee: War axe           |       |     2 ||     2
   Cast: Magic Dart        |    69 |       ||    69
         Shock             |       |    30 ||    30
    Use: Scroll            |       |     1 ||     1
         Potion            |       |     1 ||     1
 Armour: Robe              |     1 |     2 ||     3
  Dodge: Dodged            |     3 |    20 ||    23
